 Dungeon Crawl Stone Soup version 0.29.1-14-g9c671dbff4 (webtiles) character file.

Game seed: 10260451987415900362

347 javelincjr the Chopper (level 6, -3/62 HPs)
             Began as an Ogre Gladiator on Feb 14, 2023.
             Slain by Eustachio
             ... wielding a +0 rapier
              (5 damage)
             ... on level 4 of the Dungeon.
             The game lasted 00:14:56 (4640 turns).

javelincjr the Chopper (Ogre Gladiator)             Turns: 4640, Time: 00:14:56

Health: -3/62      AC:  3    Str: 20 (21) XL:     6   Next: 59%
Magic:  0/6        EV: 18    Int:  6 (9)  God:
Gold:   162        SH:  0    Dex:  6 (10) Spells: 5/5 levels left

rFire   . . .      SeeInvis .   a - +0 war axe
rCold   . . .      Faith    .   (no shield)
rNeg    . . .      Spirit   +   b - +0 robe
rPois   .          Reflect  .   c - +0 hat
rElec   .          Harm     .   (no cloak)
rCorr   .          Rampage  .   (gloves unavailable)
Will    .....                   (boots unavailable)
Stlth   +.........              o - amulet of guardian spirit
HPRegen 0.20/turn               m - +4 ring of evasion
MPRegen 0.10/turn               q - +4 ring of evasion

@: mighty, brilliant
A: large, unfitting armour, tough skin 1
a: no special abilities


You were on level 4 of the Dungeon.
You visited 1 branch of the dungeon, and saw 4 of its levels.

You collected 162 gold pieces.

Inventory:

Hand Weapons
 a - a +0 war axe (weapon)
 l - a +2 dagger of draining
Missiles
 d - 2 throwing nets
 u - 3 poisoned darts
 z - 20 stones (quivered)
Armour
 b - a +0 robe (worn)
 c - a +0 hat (worn)
Magical Staves
 w - a staff of cold
Jewellery
 g - an amulet of faith
 m - a +4 ring of evasion (left hand)
 o - an amulet of guardian spirit (around neck)
 q - a +4 ring of evasion (right hand)
Wands
 e - a wand of iceblast (5)
Scrolls
 h - 3 scrolls of enchant weapon {unknown}
 i - a scroll of enchant armour {unknown}
 j - 4 scrolls of teleportation
 k - 2 scrolls of identify {unknown}
 n - a scroll of vulnerability {unknown}
 s - a scroll of brand weapon {unknown}
 v - a scroll of fear {unknown}
 y - a scroll of amnesia {unknown}
Potions
 t - a potion of curing


   Skills:
 + Level 3.7 Fighting
 + Level 0.4 Short Blades
 + Level 5.5 Axes
 + Level 2.1 Throwing
 + Level 3.9 Dodging
 + Level 1.3 Stealth


You had 5 spell levels left.
You didn't know any spells.
Your spell library contained the following spells:

 Spells                   Type           Power      Damage    Failure   Level
 Freeze                   Ice            0%         1d3       45%         1
 Shock                    Conj/Air       0%         1d3       45%         1
 Frozen Ramparts          Ice            0%         1d1       83%         3
 Swiftness                Air            0%         N/A       83%         3
 Airstrike                Air            0%         2d(0-16)  99%         4
 Hailstorm                Conj/Ice       0%         3d3       99%         4
 Chain Lightning          Conj/Air       0%         N/A       100%        9
 Fire Storm               Conj/Fire      0%         5d1       100%        9
 Shatter                  Erth           0%         3d5*      100%        9


Dungeon Overview and Level Annotations

Branches:
Dungeon (4/15)
 Temple: D:4-7

Altars:
Nemelex Xobeh

Shops:
D:1 (   D:4 :

Annotations:
D:4 Eustachio


Innate Abilities, Weirdness & Mutations

You are too large for most types of armour.
You have tough skin. (AC +1)


Message History

The ufetubus completely misses you. The ufetubus barely misses you.
The hound completely misses you.
The white imp hits you but does no damage.
The ufetubus hits you.
* * * LOW HITPOINT WARNING * * *
The ufetubus misses you. The ufetubus closely misses you.
The ufetubus hits you but does no damage.
The hound barely misses you.
You slash Eustachio!
Eustachio is severely wounded.
You miss the ufetubus. You barely miss the hound. You barely miss the ufetubus.
You barely miss the white imp. The ufetubus closely misses you.
The ufetubus barely misses you.
The ufetubus hits you but does no damage.
The ufetubus barely misses you. The hound barely misses you.
The white imp completely misses you. Eustachio completely misses you.
The ufetubus completely misses you. The ufetubus hits you.
* * * LOW HITPOINT WARNING * * *
The ufetubus barely misses you.
The ufetubus hits you but does no damage.
The hound misses you.
It was a potion of might.
You feel very mighty all of a sudden. The white imp misses you.
The ufetubus hits you.
* * * LOW HITPOINT WARNING * * *
The ufetubus closely misses you. The ufetubus barely misses you.
The ufetubus closely misses you.
Eustachio casts a spell.
The hound bites you.
* * * LOW HITPOINT WARNING * * *
You miss Eustachio.
Eustachio is severely wounded.
You miss the hound. You closely miss the ufetubus. You hit the white imp.
You closely miss the ufetubus.
The ufetubus disappears in a puff of smoke!
The ufetubus hits you.
* * * LOW HITPOINT WARNING * * *
The ufetubus closely misses you. The hound barely misses you.
The white imp barely misses you. Eustachio hits you with a +0 rapier.
You die...

#.##.#..≈≈)≈≈###..##...#....#
.###..#.≈≈≈.≈≈≈##.............
..#.....≈≈⌠.⌠≈≈.......###.....
.....#.#...∩...##..##.# ##..@
.....###≈≈⌠.⌠≈≈##....... #..#
#......#≈≈≈.≈≈≈#..####.....
#.....÷..≈≈.≈≈....# ... .
#......[....55..#.. ... #.
............@@h.#.# ..
##...##....r..§...# #..
#................# ...
#.....<........#.#
#...................
###.##.......#..?. .. ##
####.#..#.#... . #.#.........
## #.#


You could see Eustachio, a hound, a river rat (summoned), a white imp (summoned)
and an ufetubus.

Vanquished Creatures
  A hound (D:3)
  Ijyb (D:3)
  An iguana (D:4)
  An orc wizard (D:3)
  Robin (D:3)
  5 adders
  7 gnolls (D:3)
  2 dart slugs
  6 orcs
  8 ball pythons
  4 endoplasms
  8 giant cockroaches
  17 goblins
  7 hobgoblins
  8 jackals
  8 kobolds
  4 quokkas
  6 bats
  4 frilled lizards
  9 rats
108 creatures vanquished.

Notes
Turn   | Place    | Note
-------+----------+-------------------------------------------
     0 | D:1      | javelincjr the Ogre Gladiator began the quest for the Orb.
     0 | D:1      | Reached XP level 1. HP: 22/22 MP: 1/1
   246 | D:1      | Reached XP level 2. HP: 21/29 MP: 2/2
   425 | D:1      | Found Uffuv's Weapon Emporium.
   829 | D:1      | Reached XP level 3. HP: 29/36 MP: 3/3
  1056 | D:1      | Found a faded altar of an unknown god.
  1500 | D:2      | Reached skill level 4 in Axes
  1622 | D:2      | Reached XP level 4. HP: 30/45 MP: 4/4
  2534 | D:3      | Reached XP level 5. HP: 23/53 MP: 3/5
  2804 | D:3      | Reached skill level 1 in Stealth
  2815 | D:3      | Reached skill level 5 in Axes
  2828 | D:3      | Noticed Robin
  2853 | D:3      | Killed Robin
  3153 | D:3      | Reached XP level 6. HP: 50/61 MP: 4/6
  3554 | D:4      | Noticed Eustachio
  3932 | D:4      | Noticed Ijyb
  4203 | D:3      | Killed Ijyb
  4277 | D:4      | Found Sike's Self-Improvement Boutique.
  4567 | D:4      | Found a sparkling altar of Nemelex Xobeh.
  4639 | D:4      | HP: 3/62 [hound (3)]
  4640 | D:4      | Slain by Eustachio

Illustrated notes

Levels and vault maps discovered:
D:1:      saegor_arrival_simple_c, layout_loops_ring, serial_shops,
          nicolae_shop_competitors_out_of_business,
          chequers_ecumenical_altar_twisty
D:2:      layout_loops_ring, minmay_tetromino_i2
D:3:      layout_rooms, uniq_robin
D:4:      layout_cave_pools, general_overflow_altar,
          nicolae_overflow_crystal_walls, hangedman_abyss_or_decor_lesser_grid,
          hangedman_abyss_or_decor_passed, nicolae_shop_self_help,
          uniq_crazy_yiuf_cottage, uniq_eustachio, uniq_ijyb

Skill      XL: |  1  2  3  4  5 |
---------------+----------------+-----
Dodging        | 3 |  3.9
Axes           | 4 5 |  5.5
Fighting       | 3 |  3.7
Stealth        | 1 |  1.3
Short Blades   | |  0.4
Throwing       | |  2.1

Action                   |  1- 3 |  4- 6 || total
-------------------------+-------+-------++-------
Melee: War axe           |   116 |   207 ||   323
       Punch             |     1 |     2 ||     3
       Dagger            |       |    84 ||    84
Throw: Throwing net      |       |     2 ||     2
       Dart              |       |     2 ||     2
       Stone             |       |     1 ||     1
       Large rock        |       |     1 ||     1
  Use: Potion            |       |     5 ||     5
       Scroll            |       |     1 ||     1
Armor: Robe              |    40 |    58 ||    98
Dodge: Dodged            |    88 |   426 ||   514
